 Dungeon Crawl Stone Soup version 0.21.0 (webtiles) character file.

54 tidbits the Sneak (level 3, 14/14 HPs)
             Began as a Felid Earth Elementalist on Jan 6, 2018.
             Quit the game on level 4 of the Dungeon.
             The game lasted 00:05:47 (523 turns).

tidbits the Sneak (Felid Earth Elementalist)         Turns: 523, Time: 00:05:48

Health: 14/14      AC:  1    Str:  5    XL:     3   Next: 66%
Magic:  7/7        EV: 18    Int: 16    God:
Gold:   31         SH:  0    Dex: 16    Spells: 3/6 levels left
                                        Lives:  0   Deaths: 1

rFire    . . .     SeeInvis +     - Unarmed
rCold    . . .     Gourm    .   (shield unavailable)
rNeg     . . .     Faith    .   (armour unavailable)
rPois    .         Spirit   .   (helmet unavailable)
rElec    .         Reflect  .   (cloak unavailable)
rCorr    .         Harm     .   (gloves unavailable)
MR       .....                  (boots unavailable)
Stlth    +++.......             (no amulet)
HPRegen  0.04/turn              (no ring)
MPRegen  0.10/turn              (no ring)

@: quick
A: very small, no armour, no weapons or thrown items, stealth, claws 1, fangs 3,
see invisible, carnivore, speed 1, shaggy fur 1, slow metabolism 1, sharp paws
a: no special abilities


You were on level 4 of the Dungeon.
You were not hungry.

You visited 1 branch of the dungeon, and saw 4 of its levels.

You collected 31 gold pieces.

Inventory:

Missiles
 b - 10 stones
Books
 d - a book of Geomancy

   Spells                             Type                      Level
   a - Sandblast                      Earth                        1
   b - Passwall                       Transmutation/Earth          2
   c - Stone Arrow                    Conjuration/Earth            3
   d - Petrify                        Transmutation/Earth          4
   e - Lee's Rapid Deconstruction     Earth                        5
Comestibles
 c - 2 rations
 i - a chunk of flesh


   Skills:
 - Level 2.6 Dodging
 + Level 5.3 Stealth
 + Level 3.0 Unarmed Combat
 - Level 2.0 Spellcasting
 - Level 1.1 Transmutations
 - Level 2.6 Earth Magic


You had 3 spell levels left.
You knew the following spells:

 Your Spells              Type           Power        Failure   Level  Hunger
a - Sandblast             Erth           ##....       7%          1    #......
p - Passwall              Tmut/Erth      #.........   14%         2    ###....


Dungeon Overview and Level Annotations

Branches:
Dungeon (4/15)
 Temple: D:4-7

Altars:

Annotations:
D:2 Natasha
D:3 Grinder, Sigmund


Innate Abilities, Weirdness & Mutations

You cannot wear armour.
You are incapable of wielding weapons or throwing items.
Your paws allow you to move quietly. (Stealth)
You have sharp claws.
You have razor-sharp teeth.
You have supernaturally acute eyesight. (SInv)
You are carnivorous and can eat meat at any time.
You cover ground quickly.
You are covered in fur. (AC +1)
You have a slow metabolism.
Your sharp claws are effective at attacking unaware monsters.


Message History

The bullfrog skeleton barely misses you.
You scratch the bullfrog skeleton but do no damage.
The bullfrog skeleton is severely damaged.
You scratch the bullfrog skeleton.
The bullfrog skeleton is severely damaged.
The bullfrog skeleton misses you.
You scratch the bullfrog skeleton.
The bullfrog skeleton is almost destroyed.
The bullfrog skeleton hits you.
* * * LOW HITPOINT WARNING * * *
You scratch the bullfrog skeleton.
You destroy the bullfrog skeleton!
You feel your strength returning.
Your Stealth skill increases to level 5!
You scratch the adder.
The adder is moderately wounded.
The adder misses you.
You claw the adder!
You kill the adder!
Your Unarmed Combat skill increases to level 3!
Found 11 gold pieces.
Casting: Sandblast
Confirm with . or Enter, or press ? or * to list all spells.
Aiming: Sandblast
Press: ? - help, Shift-Dir - straight line, f - ogre
Aim: an ogre, wielding a giant spiked club The blast of sand hits the ogre.
The ogre is lightly wounded.
b - 15 stones A worker ant comes into view.
The worker ant twitches its antennae in your direction.
Found a stone staircase leading down.
Casting: Sandblast
Confirm with . or Enter, or press ? or * to list all spells.
Aiming: Sandblast
Press: ? - help, Shift-Dir - straight line, f/p - ogre
Aim: an ogre, wielding a giant spiked club (lightly wounded)
The blast of sand hits the ogre.
The ogre is moderately wounded.
b - 14 stones
Casting: Sandblast
Confirm with . or Enter, or press ? or * to list all spells.
Aiming: Sandblast
Press: ? - help, Shift-Dir - straight line, f/p - ogre
Aim: an ogre, wielding a giant spiked club (moderately wounded)
The blast of sand hits the ogre.
The ogre is severely wounded.
b - 13 stones
Casting: Sandblast
Confirm with . or Enter, or press ? or * to list all spells.
Aiming: Sandblast
Press: ? - help, Shift-Dir - straight line, f/p - ogre
Aim: an ogre, wielding a giant spiked club (severely wounded)
The blast of sand hits the ogre.
The ogre is severely wounded.
b - 12 stones
Casting: Sandblast
Confirm with . or Enter, or press ? or * to list all spells.
Aiming: Sandblast
Press: ? - help, Shift-Dir - straight line, f/p - ogre
Aim: an ogre, wielding a giant spiked club (severely wounded)
The blast of sand hits the ogre.
The ogre is almost dead.
b - 11 stones
Casting: Sandblast
Confirm with . or Enter, or press ? or * to list all spells.
Aiming: Sandblast
Press: ? - help, Shift-Dir - straight line, f/p - ogre
Aim: an ogre, wielding a giant spiked club (almost dead)
The blast of sand misses the ogre.
b - 10 stones
Casting: Sandblast
Confirm with . or Enter, or press ? or * to list all spells.
You don't have enough magic to cast that spell.
Found a stone staircase leading up.
Okay, then.
It was a potion of resistance.
You feel protected.
Casting: Sandblast
Confirm with . or Enter, or press ? or * to list all spells.
Aiming: Sandblast
Press: ? - help, Shift-Dir - straight line, f/p - ogre
Aim: an ogre, wielding a giant spiked club (almost dead)
You miscast Sandblast.
You are very lightly contaminated with residual magic.
You feel gritty.
There is a stone staircase leading up here.
You climb upwards.
A bat, a hobgoblin, Sigmund and Grinder come into view.
Grinder shouts!
Sigmund moves out of view.
There is a stone staircase leading down here.
You climb downwards.
There is a stone staircase leading up here.
Unknown command.
The worker ant bites you!
You die...
You are now level 3!
You rejoin the land of the living...
Are you sure you want to abandon this character and quit the game? (Confirm with "yes".)

.. #.# ###.#### #......#
#......# +......#
##.##......######## #.
..........@.......+ #.###
#.####.###.###### #.....
#.Z..# #...# #...####†####
#...# #........# #...# #
#........# #...#####.#
#......Z.### ##.....[..##
#..........######......S.#
.##..............##...%....#


There were no monsters in sight!

Vanquished Creatures
  A bullfrog skeleton (D:4)
  Natasha (D:2)
  A worker ant (D:4)
  An adder (D:4)
  2 dart slugs (D:1)
  2 goblins
  A hobgoblin (D:1)
  8 jackals (D:1)
  2 kobolds (D:1)
  2 quokkas
  2 bats
  A frilled lizard (D:3)
  3 rats (D:1)
27 creatures vanquished.

Notes
Turn   | Place    | Note
-------+----------+-------------------------------------------
     0 | D:1      | tidbits the Felid Earth Elementalist began the quest for the Orb.
     0 | D:1      | Reached XP level 1. HP: 7/7 MP: 4/4
    29 | D:1      | Reached skill level 3 in Stealth
    52 | D:1      | Reached skill level 1 in Unarmed Combat
    54 | D:1      | Reached XP level 2. HP: 3/11 MP: 0/6
    58 | D:1      | Learned a level 2 spell: Passwall
   338 | D:2      | Reached skill level 4 in Stealth
   345 | D:2      | Noticed Natasha
   349 | D:2      | Killed Natasha
   349 | D:2      | Reached skill level 2 in Unarmed Combat
   349 | D:2      | Reached XP level 3. HP: 3/14 MP: 4/7
   365 | D:2      | Noticed Natasha
   416 | D:4      | Reached XP level 4. HP: 5/18 MP: 1/8
   432 | D:4      | Noticed an ogre
   488 | D:4      | Reached skill level 5 in Stealth
   490 | D:4      | Reached skill level 3 in Unarmed Combat
   519 | D:3      | Noticed Sigmund
   519 | D:3      | Noticed Grinder
   522 | D:4      | Slain by a worker ant
   523 | D:4      | Reached XP level 3. HP: -1/14 MP: 0/7
   523 | D:4      | Quit the game

Skill      XL: |  1  2  3  4 |
---------------+-------------+-----
Stealth        | 3 4 5 |  5.3
Unarmed Combat | 1 2 3 |  3.0
Dodging        | |  2.6
Spellcasting   | |  2.0
Transmutations | |  1.1
Earth Magic    | |  2.6

Action                   |  1- 3 |  4- 6 || total
-------------------------+-------+-------++-------
Melee: Unarmed           |    16 |    12 ||    28
       Bite              |     2 |     1 ||     3
 Cast: Sandblast         |    28 |    10 ||    38
  Use: Potion            |     1 |     5 ||     6
       Scroll            |       |     1 ||     1
 Stab: Invisible         |     1 |       ||     1
       Sleeping          |     7 |       ||     7
  Eat: Chunk             |       |     1 ||     1
Armor: Skin              |     6 |       ||     6
Dodge: Dodged            |    35 |    13 ||    48

Table legend:
 A = Turns spent in this place as a percentage of turns spent in the entire game.
 B = Non-inter-level travel turns spent in this place as a percentage of non-inter-level travel turns spent in the entire game.
 C = Inter-level travel turns spent in this place as a percentage of turns spent in this place.
 D = Turns resting spent in this place as a percentage of non-inter-level travel turns spent in this place.
 E = Turns spent auto-exploring this place as a percentage of non-inter-level travel turns spent in this place.
 F = Non-inter-level travel turns spent in this place divided by the number of levels of this place that you've seen.
                   A       B       C       D       E      F
               +-------+-------+-------+-------+-------+----------------------
         Total | 100.0 | 100.0 |   3.4 |   0.0 |   0.0 | 126.2
       Dungeon | 100.0 | 100.0 |   3.4 |   0.0 |   0.0 | 126.2
               +-------+-------+-------+-------+-------+----------------------

Table legend:
 A = Kills in this place as a percentage of kills in entire the game.
 B = Kills by you in this place as a percentage of kills by you in the entire game.
 C = Kills by friends in this place as a percentage of kills by friends in the entire game.
 D = Other kills in this place as a percentage of other kills in the entire game.
 E = Experience gained in this place as a percentage of experience gained in the entire game.
 F = Experience gained in this place divided by the number of levels of this place that you have seen.
                   A       B       C       D       E      F
               +-------+-------+-------+-------+-------+----------------------
         Total | 100.0 | 100.0 |   N/A |   N/A | 100.0 |  41.0
       Dungeon | 100.0 | 100.0 |   N/A |   N/A | 100.0 |  41.0
               +-------+-------+-------+-------+-------+----------------------

Vault maps used:
D:1:      minmay_arrival_up_and_down, minmay_splitting_lines,
          serial_bayou_pond_b
D:2:      chequers_temple_overflow_minitemple, first_ration, nrook_mini_vaults,
          uniq_terence, uniq_natasha
D:3:      minmay_diamond_boxcup, uniq_sigmund, uniq_grinder, uniq_robin
D:4:      kennysheep_mini
